 Dungeon Crawl Stone Soup version 0.17.1-1-g73c8601 (webtiles) character file.

254 Dickchan the Ruffian (level 5, -1/53 HPs)
             Began as a Troll Monk on Dec 13, 2015.
             Slain by a worm (7 damage)
             ... on level 3 of the Dungeon.
             The game lasted 00:03:27 (2213 turns).

Dickchan the Ruffian (Troll Monk)                   Turns: 2213, Time: 00:03:27

Health: -1/53      AC:  5    Str: 20    XL:     5   Next: 90%
Magic:  4/4        EV: 11    Int:  6    God:
Gold:   99         SH:  0    Dex: 12    Spells: 0 memorised, 4 levels left

rFire  . . .     SeeInvis .       - Unarmed
rCold  . . .     Clarity  .     a - +0 robe
rNeg   . . .     SustAt   .     (no shield)
rPois  .         Gourm    +     (helmet restricted)
rElec  .         Spirit   .     (no cloak)
rCorr  .         Warding  .     (gloves unavailable)
rMut   .         Stasis   .     (boots unavailable)
MR     .....                    (no amulet)
Stlth  +.........               (no ring)
                                (no ring)

@: lethally poisoned (-1 -> -1), not resistant to hostile enchantments, very
unstealthy
A: unfitting armour, claws 3, fast metabolism 3, gourmand, regeneration 2,
shaggy fur 1, tough skin 2
a: no special abilities


You were on level 3 of the Dungeon.
You were very full.

You visited 1 branch of the dungeon, and saw 4 of its levels.

You collected 99 gold pieces.

Inventory:

Armour
 a - a +0 robe (worn)
Jewellery
 e - an uncursed ring of poison resistance {unknown}
 l - an uncursed ring of see invisible {unknown}
Scrolls
 c - 3 scrolls of remove curse {unknown}
 f - 4 scrolls of noise {unknown}
 g - 3 scrolls of identify {unknown}
 h - a scroll of blinking {unknown}
 o - 2 scrolls of amnesia {unknown}
 v - a scroll of enchant weapon {unknown}
Potions
 d - 2 potions of brilliance {unknown}
 i - a potion of heal wounds {unknown}
 k - a potion of might {unknown}
 p - a potion of agility {unknown}
 q - 3 potions of magic {unknown}
 r - a potion of degeneration {unknown}
 s - a potion of curing {unknown}
 u - a potion of poison {unknown}
Comestibles
 b - 2 bread rations
 j - a fruit
 m - a beef jerky
 n - a meat ration


   Skills:
 + Level 3.5 Fighting
 + Level 3.4 Dodging
 - Level 1.1 Stealth
 * Level 5.8 Unarmed Combat


You had 4 spell levels left.
You didn't know any spells.

Dungeon Overview and Level Annotations

Branches:
Dungeon (4/15)
 Temple: D:4-7

Altars:
Zin

Annotations:
D:4 Sigmund


Innate Abilities, Weirdness & Mutations

You are too large for most types of armour.
You have claws for hands.
Your metabolism is lightning-fast.
You like to eat raw meat.
You heal very quickly.
You are covered in fur (AC +1).
You have very tough skin (AC +2).


Message History

The adder is lightly wounded.
You feel sick. The adder completely misses you. The giant cockroach misses you.
The orc hits you but does no damage. The adder barely misses you.
You miss the adder.
The adder is lightly wounded.
You feel sick. The giant cockroach bites you.
* * * LOW HITPOINT WARNING * * *
The orc barely misses you. The adder barely misses you.
The worm barely misses you.
You scratch the adder.
The adder is heavily wounded.
The giant cockroach bites you but does no damage.
The adder bites you but does no damage. The orc hits you.
* * * LOW HITPOINT WARNING * * *
You closely miss the adder.
The adder is heavily wounded.
You feel sick.
The giant cockroach bites you but does no damage.
The adder completely misses you. The worm bites you!
You die...

#.# #.##..........# #.#
##.#####.##.######.#.# #.#
###.#.........# #...# ##.###
...........#.## ##..# #.....
####.###.###.## #..# #..### #.#
#>##...# #..#####..# # #.#
#.##...### #.........# ## #.#
#......[s######.#####.## .# #.#
#......ow@S.....# #.#
.###.###.......o############.##
.#..........................#.#
.##########.(.##############.##
.# ##### ### ## #


You could see a worm, an adder, 2 orcs and a giant cockroach.

Vanquished Creatures
  The ghost of Dickchan the Covered, an amateur DsFi (D:3)
  Jessica (D:2)
  4 adders
  A worm (D:3)
  7 orcs (D:3)
  A ball python (D:3)
  A giant cockroach (D:3)
  8 goblins
  11 hobgoblins
  A quokka (D:3)
  4 bats
  4 giant newts
  7 kobolds
  3 rats
54 creatures vanquished.

Notes
Turn   | Place    | Note
--------------------------------------------------------------
     0 | D:1      | Dickchan the Troll Monk began the quest for the Orb.
     0 | D:1      | Reached XP level 1. HP: 22/22 MP: 0/0
   210 | D:1      | Reached XP level 2. HP: 25/29 MP: 1/1
   726 | D:2      | Noticed Jessica
   729 | D:2      | Killed Jessica
   729 | D:2      | Reached XP level 3. HP: 36/36 MP: 2/2
   980 | D:2      | Found a glowing silver altar of Zin.
   997 | D:2      | Reached XP level 4. HP: 31/44 MP: 3/3
  1524 | D:3      | Reached skill level 5 in Unarmed Combat
  1587 | D:3      | Noticed Dickchan's ghost (amateur DsFi)
  1598 | D:3      | Killed Dickchan's ghost
  1598 | D:3      | Reached XP level 5. HP: 34/53 MP: 4/4
  2155 | D:4      | Noticed Sigmund
  2213 | D:3      | Slain by a worm

Action                   |  1- 3 |  4- 6 || total
-------------------------+-------+-------++-------
Melee: Unarmed           |    46 |    84 ||   130
 Stab: Sleeping          |     1 |     2 ||     3
  Eat: Chunk             |     8 |    12 ||    20
       Bread ration      |     1 |       ||     1
